AoeStats
← Michi3052

Arabia

503457733Analyzed
1v1 RM · 1mo ago on Aug 31, 2026· 53m 47s· 2 players
Game mode
Random Map
Map size
Tiny (2 player)
Population
200
Speed
Normal
Resources
Standard
Victory
Conquest
Starting age
Dark Age
Ending age
Imperial Age
RankedLock teamsTeams togetherTeam positionsShared explorationLock speedFull tech treeHidden civsTurbo modeCheats
Victory
Defeat
🇮🇱 Bulgarians · Israel
689
+18
🇪🇸 Vikings · Spain
738
-18
Koga
10:17 Feudal Age
10:51 Double-Bit Axe
11:34 Horse Collar
12:02 Loom
16:18 Wheelbarrow
17:12 Scale Barding Armor
17:17 Forging
18:35 Town Watch
23:34 Castle Age
22:54 Bloodlines
25:01 Husbandry
28:01 Iron Casting
27:46 Chain Barding Armor
29:24 Heavy Plow
38:46 Imperial Age
37:08 Scale Mail Armor
41:58 Chain Mail Armor
42:19 Cavalier
44:13 Stone Mining
46:28 Plate Mail Armor
46:33 Plate Barding Armor
46:58 Blast Furnace
47:12 Blast Furnace
46:47 Plate Barding Armor
47:06 Gold Mining
48:39 Heated Shot
49:49 Chemistry
49:02 Masonry
50:04 Murder Holes
51:39 Hand Cart
53:02 Stirrups
53:28 Conscription
Michi3052
10:20 Feudal Age
15:56 Loom
19:11 Castle Age
18:19 Gold Mining
18:15 Horse Collar
18:25 Double-Bit Axe
23:22 Scale Mail Armor
26:48 Chain Mail Armor
27:54 Forging
28:21 Gambesons
29:02 Squires
30:06 Pikeman
32:55 Heavy Plow
35:56 Chieftains
36:21 Town Watch
36:22 Crossbowman
40:01 Stone Mining
40:47 Gold Shaft Mining
45:34 Fletching
45:45 Padded Archer Armor
47:36 Bow Saw
48:23 Ballistics
50:43 Imperial Age
49:47 Leather Archer Armor
50:22 Bodkin Arrow
51:03 Iron Casting
52:26 Chemistry
51:37 Bogsveigar
52:34 Conscription
52:27 Bracer
52:45 Arbalester
Connection lost

Rejoining the realm…

Still unreachable

The connection could not be restored.

Session expired

The server has moved on; the page needs a fresh start.